 Dungeon Crawl Stone Soup version 0.31.0-32-g396128a36d (webtiles) character file.

Game seed: 4029363204262706509

304 Tripartite the Apothecary (level 6, -2/49 HPs)
             Began as a Naga Alchemist on Apr 13, 2024.
             Slain by a sleepcap (6 damage)
             ... on level 5 of the Dungeon.
             The game lasted 00:11:55 (4285 turns).

Tripartite the Apothecary (Naga Alchemist)          Turns: 4285, Time: 00:11:56

Health: -2/49      AC:  8    Str: 10    XL:     6   Next: 38%
Magic:  1/10       EV:  9    Int: 18    God:
Gold:   191        SH:  0    Dex: 11    Spells: 10/11 levels left

rFire   . . .        m - +0 short sword
rCold   . . .        (no shield)
rNeg    + . .        F - +2 robe {rN+}
rPois   +            A - +0 helmet
rElec   .            n - +0 cloak
rCorr   .            f - +0 pair of gloves
SInv    +            (no barding)
Will    .....        (no amulet)
Stlth   ++           (no ring)
HPRegen 0.28/turn    (no ring)
MPRegen 0.12/turn

%: no passive effects
@: mighty, very slow
A: AC +2, large, see invisible, deformed body, poison resistance, slowness 2,
spit poison 1, naga tail 1
a: Spit Poison


You were on level 5 of the Dungeon.
You visited 1 branch of the dungeon, and saw 5 of its levels.

You collected 191 gold pieces.

Inventory:

Hand Weapons
 m - a +0 short sword (weapon)
Missiles
 v - 3 poisoned darts
 E - 5 boomerangs
Armour
 a - a +0 robe
 f - a +0 pair of gloves (worn)
 n - a +0 cloak (worn)
 q - a +0 ring mail
 A - a +0 helmet (worn)
 F - a +2 robe of positive energy (worn)
 G - a scarf of repulsion
Jewellery
 h - a ring of protection from cold
 p - a ring of positive energy
 s - a ring of protection from cold
Wands
 u - a wand of charming (12)
 B - a wand of roots (9)
 D - a wand of polymorph (7)
Scrolls
 c - 3 scrolls of revelation
 d - 2 scrolls of identify {unknown}
 i - a scroll of butterflies {unknown}
 l - a scroll of noise {unknown}
 o - 2 scrolls of teleportation
 y - a scroll of amnesia {unknown}
 z - a scroll of enchant armour {unknown}
Potions
 b - a potion of magic
 e - a potion of lignification {unknown}
 g - a potion of curing {unknown}
 j - 2 potions of might
 k - a potion of resistance {unknown}
 r - 2 potions of attraction {unknown}
 t - a potion of mutation {unknown}
 w - a potion of heal wounds {unknown}
 x - a potion of degeneration {unknown}
 C - 2 potions of brilliance {unknown}


   Skills:
 + Level 0.0 Fighting
 - Level 1.5 Dodging
 - Level 3.0 Stealth
 - Level 3.0 Spellcasting
 - Level 3.0 Conjurations
 * Level 6.9 Alchemy


You had 10 spell levels left.
You knew the following spells:

 Your Spells              Type           Power      Damage    Failure   Level
a - Sting                 Conj/Alch      80%        1d8       2%          1

Your spell library contained the following spells:

 Spells                   Type           Power      Damage    Failure   Level
 Mercury Vapours          Alch/Air       30%        N/A       6%          2
 Olgreb's Toxic Radiance  Alch           27%        N/A       10%         4
 Mephitic Cloud           Conj/Alch/Air  14%        N/A       13%         3
 Sticky Flame             Fire/Alch      15%        2d5       36%         4
 Call Canine Familiar     Summ           2%         N/A       43%         3
 Inner Flame              Hex/Fire       2%         N/A       43%         3
 Sigil of Binding         Hex            2%         N/A       43%         3
 Irradiate                Conj/Alch      10%        3d15      52%         5
 Anguish                  Hex/Necr       1%         N/A       85%         4
 Cause Fear               Hex            1%         N/A       85%         4
 Dimensional Bullseye     Hex/Tloc       1%         N/A       85%         4
 Enfeeble                 Hex            1%         N/A       100%        7
 Ignition                 Fire           1%         3d3       100%        8


Dungeon Overview and Level Annotations

Branches:
Dungeon (5/15)
 Temple: D:4-7

Altars:
Fedhas
Hepliaklqana
Ru
Sif Muna
Xom
The Shining One

Shops:
D:1 :   D:4 :


Innate Abilities, Weirdness & Mutations

Your serpentine skin is tough. (AC +2)
You have supernaturally acute eyesight. (SInv)
Armour fits poorly on your strangely shaped body.
Your system is resistant to poisons. (rPois)
You cover ground very slowly.
You can spit poison.
You have a snake-like lower body.


Message History

Aiming: Sting (safe; 2% risk of failure)
Press: ? - help, Q - select action, (/) - cycle Shift-Dir - straight line, f/p - phantom
Aim: a phantom (almost destroyed, 64% to hit)
The sting hits the phantom but does no damage.
The phantom is almost destroyed.
The phantom hits you but does no damage.
Unknown command.
Aiming: Sting (safe; 2% risk of failure)
Press: ? - help, Q - select action, (/) - cycle Shift-Dir - straight line, f/p - phantom
Aim: a phantom (almost destroyed, 64% to hit)
The sting hits the phantom.
The phantom partially resists.
You destroy the phantom!
Training target 3.0 for Spellcasting reached!
Your Spellcasting skill increases to level 3!
Unknown command.
Aiming: Sting (safe; 2% risk of failure)
Press: ? - help, Q - select action, (/) - cycle Shift-Dir - straight line, f - sleepcap
Aim: a sleepcap (100% to hit)
The sting hits the sleepcap.
The sleepcap partially resists.
The sleepcap is poisoned.
The sleepcap is lightly damaged.
The sleepcap releases spores at you.
Unknown command.
You hit the sleepcap but do no damage.
The sleepcap is lightly damaged.
The sleepcap releases spores at you.
* * * LOW HITPOINT WARNING * * *
You are engulfed in a cloud of soporific spores!
You fall asleep.
The sleepcap completely misses you. The sleepcap releases spores at you!
You wake up.
* * * LOW HITPOINT WARNING * * *
You hit the sleepcap.
The sleepcap is lightly damaged.
The sleepcap releases spores at you but does no damage.
Unknown command.
It was a potion of might.
You feel very mighty all of a sudden. The sleepcap releases spores at you.
You die...

...... ....# ## ....# #. .
#...### #. .. #..... ##.
....# ##...# #..
#.....#######...# ##..
..#...............# ##...
#.#.......@f.....## #...#
........###.....## ##..##
#.....###.......####...#
#.....................##
##.........#####........##
#........### ##.......##
..####..## ##........ #..#
#...####. ##.## ##..## ##


You could see a sleepcap (poisoned).

Vanquished Creatures
  A phantom (D:5)
  Blork the orc (D:4)
  A hound (D:4)
  A bombardier beetle (D:4)
  Ijyb (D:4)
  3 adders
  4 dart slugs
  A ribbon worm (D:3)
  3 endoplasms
  4 giant cockroaches
  3 goblins
  4 hobgoblins
  3 kobolds
  3 quokkas
  5 ball pythons
  A bat (D:2)
  4 frilled lizards
  8 rats
51 creatures vanquished.

Notes
Turn   | Place    | Note
-------+----------+-------------------------------------------
     0 | D:1      | Tripartite the Naga Alchemist began the quest for the Orb.
     0 | D:1      | Reached XP level 1. HP: 15/15 MP: 3/3
   167 | D:1      | Found Cukup's Book Shoppe.
   328 | D:1      | Reached XP level 2. HP: 19/22 MP: 0/5
   403 | D:1      | Reached skill level 4 in Alchemy
  1199 | D:2      | Reached XP level 3. HP: 24/28 MP: 1/6
  2086 | D:3      | Reached XP level 4. HP: 36/36 MP: 5/7
  2950 | D:4      | Found a shimmering blue altar of Sif Muna.
  2954 | D:4      | Found a glowing golden altar of the Shining One.
  2997 | D:4      | Reached skill level 5 in Alchemy
  3365 | D:4      | Noticed Ijyb
  3394 | D:4      | Killed Ijyb
  3395 | D:4      | Reached XP level 5. HP: 40/42 MP: 3/8
  3548 | D:4      | Found a hazy altar of Hepliaklqana.
  3550 | D:4      | Found a shimmering altar of Xom.
  3550 | D:4      | Found a blossoming altar of Fedhas.
  3558 | D:4      | Found a sacrificial altar of Ru.
  3665 | D:4      | Noticed Blork the orc
  3675 | D:4      | Killed Blork the orc
  3676 | D:4      | Reached skill level 6 in Alchemy
  3907 | D:4      | Found Woellimm's Book Shoppe.
  4049 | D:5      | Entered Level 5 of the Dungeon
  4068 | D:5      | Reached XP level 6. HP: 49/49 MP: 4/10
  4285 | D:5      | Slain by a sleepcap

Illustrated notes

Levels and vault maps discovered:
D:1:      minmay_arrival_wavy_path, layout_basic, serial_shops,
          nicolae_book_shop_shelving
D:2:      layout_loops_ring
D:3:      layout_basic
D:4:      layout_basic, minitemple, serial_shops, kennysheep_mini, uniq_ijyb,
          uniq_blork_the_orc
D:5:      layout_layer_cave, mainiacjoe_overflow_divided_tiny,
          gammafunk_ghost_abyssal_escape, nicolae_concentric_dashed_squares_mild

Skill      XL: |  1  2  3  4  5  6 |
---------------+-------------------+-----
Alchemy        | 4 5 6 |  6.9
Conjurations   | 2 3 |  3.0
Spellcasting   | 3 |  3.0
Dodging        | |  1.5
Stealth        | |  3.0

Action                     |  1- 3 |  4- 6 || total
---------------------------+-------+-------++-------
  Melee: Unarmed           |     7 |     1 ||     8
         Short sword       |    14 |    26 ||    40
   Cast: Sting             |    55 |    66 ||   121
    Use: Scroll            |       |     2 ||     2
         Potion            |       |     1 ||     1
   Stab: Sleeping          |       |     1 ||     1
 Armour: Robe              |     8 |    40 ||    48
         Ring mail         |    14 |     5 ||    19
         Skin              |       |     1 ||     1
  Dodge: Dodged            |    11 |    25 ||    36
